 Dungeon Crawl Stone Soup version 0.25-a0-424-g80bd347ae0 (webtiles) character file.

Game seed: 14275875547189412722, levelgen mode: deterministic

21 Kohma the Changer (level 2, -3/25 HPs)
             Began as a Naga Transmuter on Jan 23, 2020.
             Slain by a worm (11 damage)
             ... on level 1 of the Dungeon.
             The game lasted 00:03:50 (1031 turns).

Kohma the Changer (Naga Transmuter)                 Turns: 1031, Time: 00:03:51

Health: -3/25      AC:  1    Str: 12    XL:     2   Next: 87%
Magic:  3/5        EV: 10    Int: 13    God:
Gold:   41         SH:  0    Dex: 11    Spells: 2/5 levels left

rFire    . . .     SeeInvis +     - Unarmed
rCold    . . .     Gourm    .   (no shield)
rNeg     . . .     Faith    .   b - +0 robe
rPois    +         Spirit   .   (no helmet)
rElec    .         Reflect  .   (no cloak)
rCorr    .         Harm     .   (no gloves)
MR       .....                  (no barding)
Stlth    +.........             (no amulet)
HPRegen  0.08/turn              (no ring)
MPRegen  0.09/turn              (no ring)

@: very slow
A: large, see invisible, deformed body, poison resistance, slowness 2, slow
metabolism 1, spit poison 1, AC +0
a: Spit Poison


You were on level 1 of the Dungeon.
You were not hungry.

You visited 1 branch of the dungeon, and saw 2 of its levels.

You collected 41 gold pieces.

Inventory:

Missiles
 a - 11 arrows
 e - 77 stones (quivered)
Armour
 b - a +0 robe (worn)
Jewellery
 c - an uncursed ring of flight {unknown}
 h - an uncursed amulet of harm {unknown}
Scrolls
 j - a scroll of remove curse {unknown}
Potions
 f - a potion of haste {unknown}
 g - a potion of lignification {unknown}
 i - a potion of cancellation {unknown}
 k - a potion of resistance {unknown}
 l - a potion of curing {unknown}
Comestibles
 d - 2 rations
 m - a chunk of flesh


   Skills:
 - Level 1.0 Fighting
 - Level 1.5 Dodging
 - Level 3.0 Unarmed Combat
 - Level 2.0 Spellcasting
 + Level 3.3 Transmutations


You had 2 spell levels left.
You knew the following spells:

 Your Spells              Type           Power        Failure   Level  Hunger
a - Beastly Appendage     Tmut           #.....       7%          1    ##.....
b - Sticks to Snakes      Tmut           #.......     10%         2    ###....

Your spell library contained the following spells:

 Spells                   Type           Power        Failure   Level  Hunger
 Spider Form              Tmut/Pois      #.........   36%         3    ####...
 Ice Form                 Ice/Tmut       #.......     78%         4    #####..
 Blade Hands              Tmut           #.........   88%         5    ######.


Dungeon Overview and Level Annotations

Branches:
Dungeon (2/15)

Altars:


Innate Abilities, Weirdness & Mutations

You cannot wear boots.
Your serpentine skin is tough. (AC +0)
You have supernaturally acute eyesight. (SInv)
Armour fits poorly on your strangely shaped body.
Your system is resistant to poisons. (rPois)
You cover ground very slowly.
You have a slow metabolism.
You can spit poison.


Message History

Your transformation is almost over.
The bat hits you. The bat barely misses you. The bat closely misses you.
The goblin misses you. The rat bites you.
There is a stone staircase leading up, spattered with blood here.
Magic restored.
The bat closely misses you. The rat barely misses you.
The goblin barely misses you. The worm closely misses you.
You climb upwards.
There is a stone staircase leading down, spattered with blood here.
You hit the rat.
You kill the rat!
You miss the goblin. The goblin hits you with a +0 club.
You hit the goblin.
You kill the goblin!
Casting: Beastly Appendage (safe; 7% risk of failure)
Confirm with . or Enter, or press ? or * to list all spells.
You create a snake!
You now have 11 arrows.
The worm bites you!
You completely miss the worm.
Your horns disappear.
The worm bites you!
You die...

#......# #......##
#.......##### #####'###.....>
############...#.# ###..##
#........#...#.#.# ###....
#..........###...# #......
####........w#...######<....#
#..'.......S@>...'........###
#.##........##รท..#####..#####
#.##........##......)..####..
#.##........###..........#...
#.########### #..............
#.# #........#....# #.#
#........#+#### #.#
#..........#... #.#
#..........)...


You could see a worm and a friendly adder.

Vanquished Creatures
  An adder (D:1)
  An ooze (D:1)
  A goblin (D:1)
  A hobgoblin (D:1)
  A ball python (D:1)
  A bat (D:1)
  2 kobolds (D:1)
  4 rats (D:1)
12 creatures vanquished.

Notes
Turn   | Place    | Note
-------+----------+-------------------------------------------
     0 | D:1      | Kohma the Naga Transmuter began the quest for the Orb.
     0 | D:1      | Reached XP level 1. HP: 18/18 MP: 3/3
   648 | D:1      | Reached XP level 2. HP: 8/25 MP: 3/5
   652 | D:1      | Learned a level 2 spell: Sticks to Snakes
  1031 | D:1      | Slain by a worm

Levels and vault maps discovered:
D:1:      dpeg_arrival_long_road, layout_basic, minmay_fountain_box
D:2:      layout_rooms

Skill      XL: |  1  2 |
---------------+-------+-----
Transmutations | 3 |  3.3
Fighting       | |  1.0
Dodging        | |  1.5
Unarmed Combat | |  3.0
Spellcasting   | |  2.0

Action                   || total
-------------------------++-------
Melee: Unarmed           ||    36
       Headbutt          ||     7
       Punch             ||     1
 Cast: Beastly Appendage ||     7
       Sticks to Snakes  ||     1
Armor: Robe              ||     2
Dodge: Dodged            ||    22

Table legend:
 A = Non-vault XP
 B = Vault XP
 C = Vault XP percentage of total XP
 D = Non-vault monster count
 E = Vault monster count
 F = Vault count percentage of total count
                 A         B        C        D         E       F
            +---------+---------+-------+---------+---------+-------
      Total |      31 |       0 |   0.0 |      12 |       0 |   0.0
            +---------+---------+-------+---------+---------+-------
        D:1 |      31 |       0 |   0.0 |      12 |       0 |   0.0
            +---------+---------+-------+---------+---------+-------
